 Dungeon Crawl Stone Soup version 0.23.2-40-g277498a001 (webtiles) character file.

Game seed: 16132056742409627738

18 Destapler the Caller (level 2, -2/15 HPs)
             Began as a Tengu Summoner on Aug 18, 2019.
             Slain by an adder (5 damage)
             ... on level 2 of the Dungeon.
             The game lasted 00:03:30 (1215 turns).

Destapler the Caller (Tengu Summoner)               Turns: 1215, Time: 00:03:31

Health: -2/15      AC:  3    Str:  8    XL:     2   Next: 70%
Magic:  4/6        EV: 13    Int: 15    God:
Gold:   31         SH:  0    Dex: 14    Spells: 4/5 levels left

rFire    . . .     SeeInvis .   e - +0 dagger
rCold    . . .     Gourm    .   (no shield)
rNeg     . . .     Faith    .   a - +0 robe
rPois    .         Spirit   .   (helmet restricted)
rElec    .         Reflect  .   n - +0 cloak
rCorr    .         Harm     .   (no gloves)
MR       .....                  (boots unavailable)
Stlth    ++........             (no amulet)
HPRegen  0.05/turn              (no ring)
MPRegen  0.10/turn              (no ring)

@: lethally poisoned (-2 -> -8)
A: beak, talons 3
a: no special abilities


You were on level 2 of the Dungeon.
You were not hungry.

You visited 1 branch of the dungeon, and saw 2 of its levels.

You collected 31 gold pieces.

Inventory:

Hand Weapons
 e - a +0 dagger (weapon)
Missiles
 b - 37 stones (quivered)
 j - a throwing net
Armour
 a - a +0 robe (worn)
 n - a +0 cloak (worn)
Jewellery
 h - a cursed ring of resist corrosion {unknown}
Scrolls
 k - a scroll of identify {unknown}
 o - a scroll of random uselessness {unknown}
Potions
 d - a potion of resistance {unknown}
 f - a potion of ambrosia {unknown}
 g - 2 potions of curing {unknown}
 i - a potion of invisibility {unknown}
 l - a potion of might {unknown}
Comestibles
 c - a ration
 m - 7 chunks of flesh


   Skills:
 + Level 2.6 Dodging
 + Level 2.3 Stealth
 + Level 2.2 Spellcasting
 + Level 5.0 Summonings


You had 4 spell levels left.
You knew the following spells:

 Your Spells              Type           Power        Failure   Level  Hunger
a - Summon Small Mammal   Summ           ###.         2%          1    #......

Your spell library contained the following spells:

 Spells                   Type           Power        Failure   Level  Hunger
 Call Imp                 Summ           ###.....     4%          2    ###....
 Call Canine Familiar     Summ           ###.....     9%          3    ###....
 Summon Guardian Golem    Hex/Summ       #.......     22%         3    ###....
 Summon Ice Beast         Ice/Summ       #.......     58%         4    #####..
 Summon Lightning Spire   Summ/Air       #.......     58%         4    #####..


Dungeon Overview and Level Annotations

Branches:
Dungeon (2/15)

Altars:


Innate Abilities, Weirdness & Mutations

You have a beak for a mouth.
You have claws for feet.


Message History

The adder closely misses you.
Your quokka bites the adder.
Your rat barely misses the adder.
Your bat hits the adder.
Your quokka closely misses the adder.
The adder bites you. What are your orders? t - Shout!
Orders for allies: a - Attack new target. r - Retreat! s - Stop attacking. g - Guard the area. f - Follow me.
Anything else - Cancel.
Gang up on whom?
Press: ? - help, Dir - move target cursor, f - adder
Aim: an adder (moderately wounded) Attack!
Your bat misses the adder.
Your quokka bites the adder.
The adder bites you.
* * * LOW HITPOINT WARNING * * *
* * * LOW HITPOINT WARNING * * *
You feel sick.
Your bat closely misses the adder.
Your quokka misses the adder.
Your bat completely misses the adder.
The adder bites you.
You die...

###### ####### #....#
###......#
####....###.#......#
###.....@S.rr.#...S..#
#....#.......†.......#
#.....####.b....<....#
#########.....#
#...........#
.....#......#.#
##......#####
............#.#
#......#
..#....####.#.#
#......# ..#######
###.# #......#
......... #......#


You could see an adder, a friendly quokka, a friendly bat and a friendly rat.

Vanquished Creatures
  A giant cockroach (D:1)
  3 hobgoblins (D:1)
  A quokka (D:2)
  3 bats (D:1)
  2 goblins (D:1)
  3 rats (D:2)
13 creatures vanquished.

Vanquished Creatures (collateral kills)
  A bat (D:2)
  A goblin (D:1)
  A hobgoblin (D:2)
  4 kobolds (D:1)
  A rat (D:1)
8 creatures vanquished.

Grand Total: 21 creatures vanquished

Notes
Turn   | Place    | Note
-------+----------+-------------------------------------------
     0 | D:1      | Destapler the Tengu Summoner began the quest for the Orb.
     0 | D:1      | Reached XP level 1. HP: 10/10 MP: 4/4
     2 | D:1      | Noticed a demonspawn
     2 | D:1      | Noticed an elf
     4 | D:1      | Noticed a centaur
     4 | D:1      | Noticed a felid
     6 | D:1      | Noticed a draconian
     8 | D:1      | Noticed a tengu
     8 | D:1      | Noticed an ogre
    10 | D:1      | Noticed a minotaur
    12 | D:1      | Noticed a troll
    12 | D:1      | Noticed a dwarf
    14 | D:1      | Noticed a ghoul
    16 | D:1      | Noticed an octopode
    16 | D:1      | Noticed a formicid
    18 | D:1      | Noticed a vine stalker
    20 | D:1      | Noticed a naga
    20 | D:1      | Noticed a gargoyle
    22 | D:1      | Noticed a human
    22 | D:1      | Noticed a halfling
    24 | D:1      | Noticed a vampire
    24 | D:1      | Noticed a spriggan
    26 | D:1      | Noticed a demigod
    26 | D:1      | Noticed a merfolk
   292 | D:1      | Reached XP level 2. HP: 7/15 MP: 4/6
   479 | D:1      | Reached skill level 5 in Summonings
  1215 | D:2      | Slain by an adder

Skill      XL: |  1  2 |
---------------+-------+-----
Summonings     | 5 |  5.0
Dodging        | |  2.6
Stealth        | |  2.3
Spellcasting   | |  2.2

Action                   || total
-------------------------++-------
Melee: Unarmed           ||    11
       Dagger            ||    27
       Kick              ||     7
       Peck              ||     2
 Cast: Summon Small Mamm ||    16
 Stab: Distracted        ||     1
       Sleeping          ||     3
  Eat: Chunk             ||     1
Armor: Robe              ||    11
Dodge: Dodged            ||    40
